 Dungeon Crawl Stone Soup version 0.22.1-2-g9c5b331 (webtiles) character file.

58 nicolaieve the Cudgeler (level 3, -3/31 HPs)
             Began as a Minotaur Berserker on Dec 19, 2018.
             Was a Believer of Trog.
             Slain by an adder (4 damage)
             ... on level 2 of the Dungeon.
             The game lasted 00:03:14 (921 turns).

nicolaieve the Cudgeler (Minotaur Berserker)         Turns: 921, Time: 00:03:14

Health: -3/31      AC:  2    Str: 21    XL:     3   Next: 76%
Magic:  2/2        EV: 12    Int:  4    God:    Trog [**....]
Gold:   43         SH:  0    Dex: 10    Spells: 2/2 levels left

rFire    . . .     SeeInvis .   a - +0 mace
rCold    . . .     Gourm    .   (no shield)
rNeg     . . .     Faith    .   b - +0 animal skin
rPois    .         Spirit   .   (helmet restricted)
rElec    .         Reflect  .   (no cloak)
rCorr    .         Harm     .   (no gloves)
MR       .....                  (no boots)
Stlth    +.........             (no amulet)
HPRegen  0.10/turn              (no ring)
MPRegen  0.08/turn              (no ring)

@: lethally poisoned (-3 -> -4), berserk cooldown
A: retaliatory headbutt, horns 2
a: Berserk, Trog's Hand, Renounce Religion


You were on level 2 of the Dungeon.
You worshipped Trog.
Trog was pleased with you.
You were not hungry.

You visited 1 branch of the dungeon, and saw 2 of its levels.

You collected 43 gold pieces.

Inventory:

Hand Weapons
 a - a +0 mace (weapon)
Missiles
 i - 21 sling bullets
Armour
 b - a +0 animal skin (worn)
Jewellery
 e - an uncursed amulet of harm {unknown}
Scrolls
 g - a scroll of teleportation {unknown}
 h - 2 scrolls of blinking {unknown}
 j - 3 scrolls of identify {unknown}
 m - a scroll of enchant armour {unknown}
Potions
 f - 2 potions of curing {unknown}
 k - a potion of heal wounds {unknown}
 l - a potion of lignification {unknown}
Comestibles
 c - 2 rations
 d - 4 chunks of flesh


   Skills:
 - Level 3.6 Fighting
 + Level 5.6 Maces & Flails
 - Level 2.4 Armour
 - Level 2.2 Dodging
 - Level 0.3 Stealth


You had 2 spell levels left.
You didn't know any spells.
Your spell library was empty.

Dungeon Overview and Level Annotations

Branches:
Dungeon (2/15)

Altars:


Innate Abilities, Weirdness & Mutations

You reflexively headbutt those who attack you in melee.
You have a pair of horns on your head.


Message History

The adder bites you.
* * * LOW HITPOINT WARNING * * *
The adder bites you.
* * * LOW HITPOINT WARNING * * *
Unknown command.
You hit the adder. Your headbutt misses the adder.
The adder is almost dead.
* * * LOW HITPOINT WARNING * * *
You feel sick. The adder barely misses you. You furiously retaliate!
You headbutt the adder. You closely miss the adder.
The adder is almost dead.
The adder barely misses you. You furiously retaliate!
You headbutt the adder, but do no damage.
The adder misses you.
You miss the adder. Your headbutt misses the adder.
The adder is almost dead.
An adder comes into view.
The adder bites you.
You die...

###...#...)<....#
#...#..#........>..#..
.....#.........##....##
###....#.......# .....##
...............##.......
#####..............[^...
### #......)..........$.
.>###...................
................@S.g....
.............(.###....#.
....##.#.......#........
....##...........# ##..
...###......###### S
.......###..#
....##.###.##
....##.#...#
....##...###


You could see 2 adders and a goblin.

Vanquished Creatures
  An adder (D:2)
  An ooze (D:1)
  3 dart slugs
  2 leopard geckos (D:1)
  3 giant cockroaches
  2 goblins (D:1)
  4 hobgoblins
  5 jackals
  3 kobolds
  4 bats (D:1)
  3 frilled lizards (D:1)
  3 rats (D:1)
34 creatures vanquished.

Notes
Turn   | Place    | Note
-------+----------+-------------------------------------------
     0 | D:1      | nicolaieve the Minotaur Berserker began the quest for the
                  | Orb.
     0 | D:1      | Reached XP level 1. HP: 19/19 MP: 0/0
    57 | D:1      | Reached skill level 4 in Maces & Flails
    86 | D:1      | Reached XP level 2. HP: 23/26 MP: 1/1
   450 | D:1      | Reached skill level 5 in Maces & Flails
   450 | D:1      | Reached XP level 3. HP: 30/31 MP: 2/2
   846 | D:2      | Reached ** piety under Trog
   919 | D:2      | HP: 1/31 [poisoned by an adder]
   921 | D:2      | Slain by an adder

Skill      XL: |  1  2 |
---------------+-------+-----
Maces & Flails | 4 5 |  5.6
Fighting       | |  3.6
Armour         | |  2.4
Dodging        | |  2.2
Stealth        | |  0.3

Action                   || total
-------------------------++-------
Melee: Mace              ||    58
       Headbutt          ||    10
Invok: Berserk           ||     1
 Stab: Sleeping          ||     1
  Eat: Chunk             ||     1
Armor: Animal skin       ||     9
Dodge: Dodged            ||    47
